 Dungeon Crawl Stone Soup version 0.28-a0-1567-g1695149f81 (webtiles) character file.

Game seed: 14180263880581358460

34 comborobin the Ruffian (level 3, 0/26 HPs)
             Began as an Octopode Cinder Acolyte on Jan 20, 2022.
             Was a High Priest of Ignis.
             Slain by an ogre (26 damage)
             ... on level 7 of the Dungeon.
             The game lasted 00:02:11 (1507 turns).

comborobin the Ruffian (Octopode Cinder Acolyte)    Turns: 1507, Time: 00:02:11

Health: 0/26       AC:  1    Str: 13    XL:     3   Next: 31%
Magic:  4/4        EV: 12    Int: 16    God:    Ignis [*****.]
Gold:   43         SH:  0    Dex:  9    Spells: 4/4 levels left

rFire   + . .      SeeInvis .     - Unarmed
rCold   . . .      Faith    .   (no shield)
rNeg    . . .      Spirit   .   (helmet restricted)
rPois   .          Reflect  .   (no amulet)
rElec   .          Harm     .   (no ring)
rCorr   .          Rampage  .   (no ring)
Will    .....                   (no ring)
Stlth   ++........              (no ring)
HPRegen 0.08/turn               (no ring)
MPRegen 0.09/turn               (no ring)
                                (no ring)
                                (no ring)

@: no status effects
A: almost no armour, amphibious, 8 rings, camouflage 1, gelatinous body 1,
(nimble swimmer 1), tentacles
a: Renounce Religion, Fiery Armour, Foxfire Swarm, Rising Flame


You were on level 7 of the Dungeon.
You worshipped Ignis.
Ignis was extremely pleased with you.
You visited 1 branch of the dungeon, and saw 7 of its levels.

You collected 43 gold pieces.

Inventory:

Potions
 b - a potion of haste {unknown}
 c - a potion of heal wounds {unknown}
 d - 2 potions of flight {unknown}


   Skills:
 - Level 3.0 Fighting
 + Level 1.0 Dodging
 - Level 4.1 Unarmed Combat
 - Level 1.0 Spellcasting
 - Level 3.0 Fire Magic


You had 4 spell levels left.
You didn't know any spells.
Your spell library contained the following spells:

 Spells                   Type           Power      Damage    Failure   Level
 Scorch                   Fire           20%        2d6       10%         2
 Ensorcelled Hibernation  Hex/Ice        0%         N/A       34%         2
 Spider Form              Tmut/Pois      0%         N/A       56%         3
 Anguish                  Hex/Necr       0%         N/A       92%         4


Dungeon Overview and Level Annotations

Branches:
Dungeon (7/15)
 Temple: D:4-7

Altars:
Uskayaw

Shops:
D:6 [


Innate Abilities, Weirdness & Mutations

You cannot wear most types of armour.
You are amphibious.
You can wear up to eight rings at the same time.
Your skin changes colour to match your surroundings (Stealth+).
Your rubbery body absorbs attacks. (AC +1, EV +1)
((You are camouflaged when in or above water. (Stealth+)))
You have tentacles for arms and can constrict up to eight enemies at once.


Message History

There is a stone staircase leading down here.
You climb downwards.
Found a robe and a hand axe.
There is a stone staircase leading up here.
Found a chain mail.
c - a fuming sapphire potion
Found a ring mail.
d - 2 sedimented green potions An ogre comes into view.
It is wielding a +0 giant club.
An ogre is nearby!
You aren't carrying any items that you can evoke.
Unknown command.
Throw: 4 darts (poison)
Press: ? - help, Q - select action Shift-Dir - straight line, f - ogre
Aim: an ogre, wielding a +0 giant club (asleep, 98% to hit)
You throw a poisoned dart. The poisoned dart hits the ogre.
The ogre is poisoned.
The ogre shouts!
Throw: 3 darts (poison)
Press: ? - help, Q - select action Shift-Dir - straight line, f/p - ogre
Aim: an ogre, wielding a +0 giant club (lightly wounded, poisoned, 71% to hit)
You throw a poisoned dart. The poisoned dart hits the ogre.
The ogre looks even sicker.
The ogre is lightly wounded.
Throw: 2 darts (poison)
Press: ? - help, Q - select action Shift-Dir - straight line, f/p - ogre
Aim: an ogre, wielding a +0 giant club (lightly wounded, very poisoned, 71% to hit)
You throw a poisoned dart. The poisoned dart hits the ogre.
The ogre is lightly wounded.
Throw: dart (poison)
Press: ? - help, Q - select action Shift-Dir - straight line, f/p - ogre
Aim: an ogre, wielding a +0 giant club (lightly wounded, very poisoned, 71% to hit)
You throw a poisoned dart. The poisoned dart hits the ogre.
The ogre looks even sicker.
The ogre is lightly wounded.
You tentacle-slap the ogre but do no damage.
The ogre is almost dead.
The ogre hits you with a +0 giant club!!
Ouch! That really hurt!
You die...

#[..#........... +##
##.............## #..#
#..##..........#
...####.#...........##
#..#...#.............
#.###...............
#...#...............
#.....#............
#.@O.##............
#....##............
#.#.............###
####.............##
#..##...........
.....##..........
....#.............
#...#.......#.....
..##.######....


You could see an ogre (poisoned).

Vanquished Creatures
  An adder (D:3)
  An orc (D:3)
  An endoplasm (D:2)
  2 giant cockroaches
  A goblin (D:1)
  2 hobgoblins
  A jackal (D:3)
  2 kobolds
  3 quokkas
  3 ball pythons
  A bat (D:2)
  A frilled lizard (D:2)
  4 rats
23 creatures vanquished.

Notes
Turn   | Place    | Note
-------+----------+-------------------------------------------
     0 | D:1      | comborobin the Octopode Cinder Acolyte began the quest for
                  | the Orb.
     0 | D:1      | Reached XP level 1. HP: 16/16 MP: 2/2
   296 | D:1      | Reached XP level 2. HP: 16/21 MP: 3/3
   699 | D:3      | Reached skill level 4 in Unarmed Combat
   837 | D:3      | Reached XP level 3. HP: 13/26 MP: 4/4
  1056 | D:3      | Reached skill level 1 in Dodging
  1342 | D:5      | Entered Level 5 of the Dungeon
  1430 | D:5      | Found a hide-covered altar of Uskayaw.
  1454 | D:6      | Found Mos Serr's Antique Armour Emporium.
  1487 | D:7      | Noticed an ogre
  1507 | D:7      | Slain by an ogre

Illustrated notes

Levels and vault maps discovered:
D:1:      psy_arrival_terrarium, layout_loops_corners, serial_bayou_pond_c
D:2:      layout_basic, basic_altar
D:3:      layout_basic, dreamdust_ecumenical_altar_drowned_temple,
          nicolae_figureground_pulse
D:4:      nicolae_cairo_tiling, layout_gridville
D:5:      layout_loops_corners, mainiacjoe_overflow_six_doors_small,
          minmay_temple_entry_slanted, minmay_misc_feat_four_crosses
D:6:      layout_loops_corners, lemuel_crystal_altar, fedhas_ov_isle_minmay,
          kennysheep_mini_moat, nzn_wu_jian_contemplation, serial_shops,
          nicolae_inconvenience_store, shop, nicolae_shop_stone,
          nicolae_stop_n_shop_1, ebering_ghost_sewer_f, roderic_three_in_a_row,
          uniq_blork_the_orc, uniq_maggie
D:7:      layout_cave_pools, makhleb_heckhound_becter,
          lemuel_coloured_pillars_altar, mainiacjoe_overflow_two_lobes,
          uniq_menkaure

Skill      XL: |  1  2  3 |
---------------+----------+-----
Unarmed Combat | 4 |  4.1
Dodging        | 1 |  1.0
Fighting       | |  3.0
Spellcasting   | |  1.0
Fire Magic     | |  3.0

Action                   || total
-------------------------++-------
Melee: Unarmed           ||    55
       Constrict         ||    10
       Tentacles         ||     7
       Punch             ||     1
Throw: Dart              ||     4
  Use: Scroll            ||     3
 Stab: Sleeping          ||     3
Armor: Skin              ||     2
Dodge: Dodged            ||    39

Table legend: (Time is in decaauts)
 A = Elapsed time spent in this place.
 B = Non-inter-level travel time spent in this place.
 C = Inter-level travel time spent in this place.
 D = Time resting spent in this place.
 E = Time spent auto-exploring this place.
 F = Levels seen in this place.
 G = Mean time per level.
                   A        B        C        D        E       F      G
               +--------+--------+--------+--------+--------+-----+--------+
         Total |   1506 |   1506 |      0 |    654 |    441 |   7 |  215.1 |
       Dungeon |   1506 |   1506 |      0 |    654 |    441 |   7 |  215.1 |
               +--------+--------+--------+--------+--------+-----+--------+

Top non-repeatable levels by time:
     D:3: 631 daAuts
     D:1: 455 daAuts
     D:2: 246 daAuts
     D:5: 111 daAuts
     D:7: 46 daAuts
     D:4: 8 daAuts
     D:6: 5 daAuts
